 Dungeon Crawl Stone Soup version 0.21-a0-404-g291f19a (webtiles) character file.

618 TheDeThijs the Archer (level 7, -2/57 HPs)
             Began as a Centaur Hunter on Oct 27, 2017.
             Slain by Duvessa
             ... wielding a cursed -2 rapier
              (7 damage)
             ... on level 5 of the Dungeon.
             The game lasted 00:33:49 (4008 turns).

TheDeThijs the Archer (Centaur Hunter)              Turns: 4008, Time: 00:33:49

Health: -2/57      AC:  5    Str: 18 (20) XL:     7   Next: 21%
Magic:  7/7        EV: 14    Int:  9 (10) God:
Gold:   270        SH:  4    Dex:  8 (11) Spells: 6/6 levels left

rFire    . . .     SeeInvis .   b - +0 short sword
rCold    . . .     Gourm    .   (no shield)
rNeg     . . .     Faith    .   h - +0 leather armour
rPois    .         Spirit   .   (no helmet)
rElec    .         Reflect  +   (no cloak)
rCorr    .         Harm     .   w - +0 pair of gloves
MR       .....                  (no barding)
Stlth    +.........             t - +4 amulet of reflection
HPRegen  0.19/turn              k - +5 ring of evasion
MPRegen  0.10/turn              v - +1 ring of slaying

@: mighty, very quick
A: hooves 3, deformed body, speed 2, tough skin 3
a: no special abilities


You were on level 5 of the Dungeon.
You were not hungry.

You visited 1 branch of the dungeon, and saw 6 of its levels.

You collected 270 gold pieces.

Inventory:

Hand Weapons
 a - a +2 shortbow
 b - a +0 short sword (weapon)
Missiles
 q - 49 bolts
Armour
 h - a +0 leather armour (worn)
 w - a +0 pair of gloves (worn)
Jewellery
 k - a +5 ring of evasion (left hand)
 t - a +4 amulet of reflection (around neck)
 v - a +1 ring of slaying (right hand)
Wands
 i - a wand of polymorph (16/24)
 B - a wand of digging (10/24)
Scrolls
 e - 2 scrolls of teleportation
 s - a scroll of remove curse
 u - 4 scrolls of identify
 y - a scroll of magic mapping {unknown}
Potions
 c - a potion of lignification {unknown}
 g - a potion of brilliance {unknown}
 m - 2 potions of curing
 n - a potion of ambrosia {unknown}
 o - a potion of degeneration
 p - a potion of might
 r - a potion of haste {unknown}
 A - a potion of heal wounds {unknown}
Comestibles
 f - 2 bread rations
 j - 3 royal jellies
 l - a meat ration
 x - 2 fruits


   Skills:
 + Level 3.1 Fighting
 * Level 10.6 Bows
 - Level 0.2 Armour
 + Level 1.8 Dodging
 + Level 0.8 Stealth


You had 6 spell levels left.
You didn't know any spells.

Dungeon Overview and Level Annotations

Branches:
Dungeon (6/15)
 Temple: D:4-7

Altars:
Nemelex Xobeh
Trog
Xom
Yredelemnul

Annotations:
D:5 Dowan, Duvessa


Innate Abilities, Weirdness & Mutations

You have hooves in place of feet.
Armour fits poorly on your strangely shaped body.
You cover ground very quickly.
You have extremely tough skin. (AC +3)


Message History

You feel very mighty all of a sudden. Duvessa hits you but does no damage.
Dowan casts a spell.
Dowan blinks!
You closely miss Duvessa.
Duvessa is heavily wounded.
Duvessa hits you but does no damage. Duvessa hits you with a rapier.
* * * LOW HITPOINT WARNING * * *
You hit Duvessa.
Duvessa is severely wounded.
Duvessa hits you with a rapier!
* * * LOW HITPOINT WARNING * * *
You closely miss Duvessa. You kick Duvessa!
Duvessa is almost dead.
Duvessa closely misses you. Duvessa hits you with a rapier.
* * * LOW HITPOINT WARNING * * *
You barely miss Duvessa. Your kick misses Duvessa.
Duvessa is almost dead.
Duvessa hits you with a rapier!
You die...

#..<. .....####. #.
.... #......# #. . #.
...##......###. ..#.
.............. # ...
>............
#.##.#####.#..#.....#.
..........#....#.#.#.
###.##.......#.......
#.@ee...((.(<..#...
####...#........###
#...#...........
#...#...........
#...#...........
#...#####'##....
#...##........##
#..(##........#
#...##........#


You could see Duvessa and Dowan.

Vanquished Creatures
  A hungry ghost (D:3)
  A sky beast (D:5)
  An ice beast (D:3)
  A howler monkey (D:3)
  A crimson imp (D:5)
  A hound (D:5)
  A centaur skeleton (D:4)
  A worker ant (D:4)
  3 adders
  An adder zombie (D:5)
  4 worms
  An adder skeleton (D:4)
  A dart slug (D:1)
  6 leopard geckos
  7 orcs
  4 giant cockroaches
  10 goblins
  9 hobgoblins
  12 jackals
  8 kobolds
  A quokka (D:4)
  3 ball pythons
  6 bats
  8 frilled lizards
  10 rats
102 creatures vanquished.

Vanquished Creatures (others)
  A plant (D:5)
1 creature vanquished.

Grand Total: 103 creatures vanquished

Notes
Turn   | Place    | Note
-------+----------+-------------------------------------------
     0 | D:1      | TheDeThijs the Centaur Hunter began the quest for the Orb.
     0 | D:1      | Reached XP level 1. HP: 17/17 MP: 1/1
   307 | D:1      | Reached XP level 2. HP: 24/24 MP: 2/2
   408 | D:1      | Reached skill level 6 in Bows
   706 | D:1      | Reached XP level 3. HP: 29/29 MP: 3/3
  1406 | D:2      | Reached skill level 7 in Bows
  1538 | D:2      | Reached XP level 4. HP: 36/36 MP: 4/4
  1911 | D:3      | Reached XP level 5. HP: 41/41 MP: 5/5
  2010 | D:3      | Noticed an ice beast
  2034 | D:3      | Killed an ice beast
  2034 | D:3      | Reached skill level 8 in Bows
  2082 | D:3      | Noticed a hungry ghost
  2213 | D:3      | Killed a hungry ghost
  2213 | D:3      | Reached skill level 9 in Bows
  2213 | D:3      | Reached XP level 6. HP: 33/50 MP: 6/6
  2642 | D:5      | Entered Level 5 of the Dungeon
  2886 | D:4      | Reached skill level 10 in Bows
  3103 | D:4      | Found a shimmering altar of Xom.
  3103 | D:4      | Found a basalt altar of Yredelemnul.
  3232 | D:4      | Noticed a moth of wrath
  3234 | D:4      | Found a bloodstained altar of Trog.
  3560 | D:5      | Noticed a sky beast
  3565 | D:5      | Killed a sky beast
  3565 | D:5      | Reached XP level 7. HP: 57/57 MP: 7/7
  3732 | D:5      | Found a sparkling altar of Nemelex Xobeh.
  3934 | D:5      | Noticed Duvessa
  3939 | D:5      | Noticed Dowan
  4008 | D:5      | Slain by Duvessa

Vault maps used:
D:1:      eino_arrival_cavern_a
D:2:      first_bread
D:3:      minmay_diamond_boxcup
D:4:      tgw_trog, gammafunk_temple_overflow_wave
D:5:      nemelex_xobeh_ov_fountains_minmay, serial_bayou_lake_a, uniq_duvessa
D:6:      minmay_temple_entry_enclosed_plants, kennysheep_nondescript,
          kb_rosetta

Skill      XL: |  1  2  3  4  5  6 |
---------------+-------------------+-----
Bows           | 6 7 9 10 | 10.6
Fighting       | 3 |  3.1
Armour         | |  0.2
Dodging        | |  1.8
Stealth        | |  0.8

Action                   |  1- 3 |  4- 6 |  7- 9 || total
-------------------------+-------+-------+-------++-------
Melee: Short sword       |    58 |    52 |    28 ||   138
       Kick              |     6 |    11 |     4 ||    21
 Fire: Shortbow          |    85 |   179 |     9 ||   273
  Use: Scroll            |     7 |     4 |       ||    11
       Potion            |       |       |     4 ||     4
  Eat: Chunk             |     1 |     5 |     2 ||     8
       Bread ration      |       |     1 |       ||     1
Armor: Leather armour    |    42 |    23 |     3 ||    68
Dodge: Dodged            |    48 |    47 |    13 ||   108
Block: Other             |       |    12 |     7 ||    19
       Reflection        |       |     1 |       ||     1

Table legend:
 A = Spawn XP
 B = Non-spawn XP
 C = Spawn XP percentage of total XP
 D = Spawn monster count
 E = Non-spawn monster count
 F = Spawn count percentage of total count
 G = Total turns spent on level
                    A         B        C        D         E        F      G
               +---------+---------+-------+---------+---------+-------+---------
         Total |       0 |     884 |   0.0 |       0 |     102 |   0.0 |  4008
               +---------+---------+-------+---------+---------+-------+---------
           D:1 |       0 |      49 |   0.0 |       0 |      25 |   0.0 |   980
           D:2 |       0 |      49 |   0.0 |       0 |      20 |   0.0 |   656
           D:3 |       0 |     427 |   0.0 |       0 |      33 |   0.0 |   750
           D:4 |       0 |     130 |   0.0 |       0 |      19 |   0.0 |  1103
           D:5 |       0 |     229 |   0.0 |       0 |       5 |   0.0 |   517
               +---------+---------+-------+---------+---------+-------+---------
